 Dungeon Crawl Stone Soup version 0.23-a0-448-g1c01f63 (webtiles) character file.

11 rgaf the Chopper (level 2, 0/42 HPs)
             Began as a Naga Berserker on Nov 21, 2018.
             Was a Follower of Trog.
             Slain by a goblin
             ... wielding a +0 club
              (5 damage)
             ... on level 1 of the Dungeon.
             The game lasted 00:00:21 (352 turns).

rgaf the Chopper (Naga Berserker)                    Turns: 352, Time: 00:00:22

Health: 0/42       AC:  1    Str: 24    XL:     2   Next: 29%
Magic:  2/2        EV: 10    Int:  7    God:    Trog [*.....]
Gold:   29         SH:  0    Dex: 10    Spells: 1/1 levels left

rFire    . . .     SeeInvis +   a - +0 hand axe
rCold    . . .     Gourm    .   (no shield)
rNeg     . . .     Faith    .   b - +0 animal skin
rPois    +         Spirit   .   (no helmet)
rElec    .         Reflect  .   (no cloak)
rCorr    .         Harm     .   (no gloves)
MR       .....                  (no barding)
Stlth    ..........             (no amulet)
HPRegen  0.14/turn              (no ring)
MPRegen  0.08/turn              (no ring)

@: berserking, quick
A: large, see invisible, deformed body, poison resistance, slowness 2, slow
metabolism 1, spit poison 1, AC +0
a: Spit Poison, Berserk, Renounce Religion


You were on level 1 of the Dungeon.
You worshipped Trog.
Trog was aware of your devotion.
You were not hungry.

You visited 1 branch of the dungeon, and saw 1 of its levels.

You collected 29 gold pieces.

Inventory:

Hand Weapons
 a - a +0 hand axe (weapon)
Armour
 b - a +0 animal skin (worn)
Scrolls
 d - 2 scrolls of identify {unknown}
 h - a scroll of noise {unknown}
Potions
 e - a potion of degeneration {unknown}
 f - a potion of lignification {unknown}
Comestibles
 c - 2 rations
 g - 5 chunks of flesh


   Skills:
 + Level 3.1 Fighting
 * Level 3.3 Axes
 + Level 1.8 Armour
 - Level 1.5 Dodging


You had one spell level left.
You didn't know any spells.
Your spell library was empty.

Dungeon Overview and Level Annotations

Branches:
Dungeon (1/15)

Altars:


Innate Abilities, Weirdness & Mutations

You cannot wear boots.
Your serpentine skin is tough. (AC +0)
You have supernaturally acute eyesight. (SInv)
Armour fits poorly on your strangely shaped body.
Your system is resistant to poisons. (rPois)
You cover ground very slowly.
You have a slow metabolism.
You can spit poison.


Message History

* * * LOW HITPOINT WARNING * * *
A red film seems to cover your vision as you go berserk!
You feel yourself moving faster!
You feel mighty!
You feel a lot more hungry.
The kobold hits you with a cursed +0 short sword.
* * * LOW HITPOINT WARNING * * *
The goblin hits you with a +0 club.
* * * LOW HITPOINT WARNING * * *
Some of the chunks of flesh in your inventory have rotted away.
You feel a strong urge to attack something.
The kobold closely misses you. The goblin hits you but does no damage.
You barely miss the goblin.
The goblin is severely wounded.
You barely miss the kobold. The kobold closely misses you.
You closely miss the goblin.
The goblin is severely wounded.
You slash the kobold!
You kill the kobold!
Trog accepts your kill. The goblin hits you with a +0 club.
You die...

####.##.####.#♣♣.P
#.##.......♣P.♣ .
####>.....#♣..♣ ..
#......'♣♣.♣ ...
#......#♣♣.♣♣...
#.####††......#
#.##.......####
#.##.####..# #.
#.@# # #)g# ...g.
#.##.... # ......
.(.#r##. ###... ..
.. ##


You could see a hobgoblin, a goblin and a rat.

Vanquished Creatures
  A leopard gecko (D:1)
  A bat (D:1)
  A goblin (D:1)
  A hobgoblin (D:1)
  A ball python (D:1)
  3 kobolds (D:1)
  2 rats (D:1)
10 creatures vanquished.

Notes
Turn   | Place    | Note
-------+----------+-------------------------------------------
     0 | D:1      | rgaf the Naga Berserker began the quest for the Orb.
     0 | D:1      | Reached XP level 1. HP: 21/21 MP: 1/1
   236 | D:1      | Reached XP level 2. HP: 28/28 MP: 2/2
   352 | D:1      | Slain by a goblin

Vault maps used:
D:1:      dpeg_arrival_boxes_within_box, serial_forest,
          infiniplex_forest_diagonal, infiniplex_forest_corner_2,
          infiniplex_forest_straight_5, infiniplex_forest_3_way,
          infiniplex_forest_zigzag_2, infiniplex_forest_clump_large,
          infiniplex_forest_clump_large, minmay_tromino_v2

Action                   || total
-------------------------++-------
Melee: Hand axe          ||    33
Invok: Berserk           ||     1
Armor: Animal skin       ||     2
Dodge: Dodged            ||    25

Table legend:
 A = Non-vault XP
 B = Vault XP
 C = Vault XP percentage of total XP
 D = Non-vault monster count
 E = Vault monster count
 F = Vault count percentage of total count
                 A         B        C        D         E       F
            +---------+---------+-------+---------+---------+-------
      Total |      15 |       2 |  11.8 |       9 |       1 |  10.0
            +---------+---------+-------+---------+---------+-------
        D:1 |      15 |       2 |  11.8 |       9 |       1 |  10.0
            +---------+---------+-------+---------+---------+-------
